SKY
SAN DIEGO PADRES @ CALIFORNIA ANGELS
05/01/2052
 
TOP OF THE 1ST
San Diego Padres batting - Pitching for California Angels : LHP Theodore Mason
Pitching: LHP Theodore Mason
Batting: RHB Silvio Sevilla 0-0: Called Strike
0-1: Ground out 6-3 (Groundball, 6, EV 89.4 MPH)
Batting: RHB Des Galindo 0-0: Ball
1-0: Foul Ball, location: 5F
1-1: Called Strike
1-2: Strikes out swinging
Batting: LHB Eric Ho 0-0: Foul Ball, location: 7LMF
0-1: Foul Ball, location: 2F
0-2: Strikes out swinging
Top of the 1st over - 0 runs, 0 hits, 0 errors, 0 left on base; San Diego 0 - California 0
BOTTOM OF THE 1ST
California Angels batting - Pitching for San Diego Padres : RHP Rudolph Ammons
Pitching: RHP Rudolph Ammons
Batting: LHB Wilfredo Ocanas 0-0: Called Strike
0-1: Ball
1-1: Foul Ball, location: 7LSF
1-2: Strikes out looking
Batting: RHB River Grote 0-0: DOUBLE (Line Drive, 3D, EV 94.4 MPH)
Batting: LHB Skyler Angelillo 0-0: Ball
1-0: Called Strike
1-1: Ball
2-1: Swinging Strike
2-2: Foul Ball, location: 9LMF
2-2: Strikes out swinging
Batting: LHB Adrian Phillips 0-0: Ball
1-0: Foul Ball, location: 2LF
1-1: Fly out, F6 (Popup, 56D, EV 58.1 MPH)
Bottom of the 1st over - 0 runs, 1 hit, 0 errors, 1 left on base; San Diego 0 - California 0
TOP OF THE 2ND
San Diego Padres batting - Pitching for California Angels : LHP Theodore Mason
Batting: LHB Owen Chandler 0-0: Ball
1-0: Foul Ball, location: 3F
1-1: Foul Ball, location: 2F
1-2: Foul Ball, location: 2F
1-2: Ball
2-2: Ball
3-2: Strikes out swinging
Batting: SHB Dexter Greer 0-0: Called Strike
0-1: SINGLE (Groundball, 34D, EV 106.3 MPH)
Batting: LHB Lester Flores 0-0: Called Strike
0-1: Fielders Choice at 2nd, 3-6 (Groundball, 3, EV 91.9 MPH)
Batting: RHB Trinidad Apodaca 0-0: Ball
1-0: Foul Ball, location: 2F
1-1: Ball
2-1: Ball
3-1: Foul Ball, location: 9LMF
3-2: Foul Ball, location: 2F
3-2: Foul Ball, location: 5DF
3-2: Strikes out swinging
Top of the 2nd over - 0 runs, 1 hit, 0 errors, 1 left on base; San Diego 0 - California 0
BOTTOM OF THE 2ND
California Angels batting - Pitching for San Diego Padres : RHP Rudolph Ammons
Batting: RHB Luke Storey 0-0: Ball
1-0: Ball
2-0: Foul Ball, location: 9LDF
2-1: Ball
3-1: Base on Balls
Batting: SHB Michael Dodson 0-0: Hit by Pitch
Luke Storey to second
Batting: RHB Reed Sinclair 0-0: Ball
1-0: Foul Ball, location: 5FF
1-1: Grounds into double play, 6-4-3 (Groundball, 6, EV 78.8 MPH)
Luke Storey to third
Batting: RHB Isaac Keenan 0-0: Ball
1-0: Ground out 3-1 (Groundball, 34S, EV 69.4 MPH)
Bottom of the 2nd over - 0 runs, 0 hits, 0 errors, 1 left on base; San Diego 0 - California 0
TOP OF THE 3RD
San Diego Padres batting - Pitching for California Angels : LHP Theodore Mason
Batting: LHB Flávio Chacon 0-0: Ball
1-0: Called Strike
1-1: Called Strike
1-2: Strikes out swinging
Batting: RHB Rudy Hughes 0-0: Fly out, F7 (Flyball, 7, EV 90.0 MPH)
Batting: RHB Silvio Sevilla 0-0: Ball
1-0: Called Strike
1-1: Called Strike
1-2: Strikes out swinging
Top of the 3rd over - 0 runs, 0 hits, 0 errors, 0 left on base; San Diego 0 - California 0
BOTTOM OF THE 3RD
California Angels batting - Pitching for San Diego Padres : RHP Rudolph Ammons
Batting: LHB Drury Robinson 0-0: Bunted foul
0-1: Ball
1-1: Ball
2-1: Ball
3-1: Fly out, F7 (Flyball, 7LS, EV 93.8 MPH)
Batting: LHB Wilfredo Ocanas 0-0: Ball
1-0: Swinging Strike
1-1: Ball
2-1: Ground out 6-3 (Groundball, 6, EV 87.5 MPH)
Batting: RHB River Grote 0-0: Ball
1-0: Foul Ball, location: 2F
1-1: Ball
2-1: Foul Ball, location: 2F
2-2: SINGLE (Groundball, 56D, EV 100.6 MPH)
Batting: LHB Skyler Angelillo 0-0: Ball
1-0: Ball
2-0: Ball
3-0: Called Strike
3-1: Called Strike
3-2: Ground out U3 (Groundball, 3L, EV 98.1 MPH)
Bottom of the 3rd over - 0 runs, 1 hit, 0 errors, 1 left on base; San Diego 0 - California 0
TOP OF THE 4TH
San Diego Padres batting - Pitching for California Angels : LHP Theodore Mason
Batting: RHB Des Galindo 0-0: Called Strike
0-1: Ground out 6-3 (Groundball, 6, EV 90.6 MPH)
Batting: LHB Eric Ho 0-0: Ball
1-0: Foul Ball, location: 2LF
1-1: Ground out 6-3 (Groundball, 6, EV 88.8 MPH)
Batting: LHB Owen Chandler 0-0: Called Strike
0-1: Ball
1-1: Swinging Strike
1-2: Ball
2-2: Foul Ball, location: 7LSF
2-2: SINGLE (Groundball, 34D, EV 101.3 MPH)
Batting: SHB Dexter Greer 0-0: Ball
1-0: Foul Ball, location: 9LMF
1-1: Ball
2-1: Ball
3-1: SINGLE (Groundball, P, EV 85.0 MPH) (infield hit)
Owen Chandler to second
Batting: LHB Lester Flores 0-0: Called Strike
0-1: Called Strike
0-2: Ball
1-2: Strikes out swinging
Top of the 4th over - 0 runs, 2 hits, 0 errors, 2 left on base; San Diego 0 - California 0
BOTTOM OF THE 4TH
California Angels batting - Pitching for San Diego Padres : RHP Rudolph Ammons
Batting: LHB Adrian Phillips 0-0: Called Strike
0-1: Swinging Strike
0-2: Ground out 4-3 (Groundball, 4, EV 106.3 MPH)
Batting: RHB Luke Storey 0-0: Called Strike
0-1: Swinging Strike
0-2: Foul Ball, location: 5FF
0-2: Ball
1-2: Ball
2-2: Strikes out looking
Batting: SHB Michael Dodson 0-0: Ball
1-0: Ball
2-0: Ball
3-0: Called Strike
3-1: Base on Balls
Batting: RHB Reed Sinclair 0-0: Ball
1-0: Foul Ball, location: 5SF
1-1: SINGLE (Line Drive, 9LM, EV 99.4 MPH)
Michael Dodson to second
Batting: RHB Isaac Keenan 0-0: Ball
1-0: Called Strike
1-1: Called Strike
1-2: Ball
2-2: Foul Ball, location: 9LSF
2-2: Ball
3-2: Base on Balls
Michael Dodson to third
Reed Sinclair to second
Batting: LHB Drury Robinson 0-0: Foul Ball, location: 7LMF
0-1: Ball
1-1: Foul Ball, location: 2F
1-2: SINGLE (Line Drive, 4MD, EV 109.4 MPH)
Michael Dodson scores
Reed Sinclair to third
Isaac Keenan to second
Batting: LHB Wilfredo Ocanas 0-0: Ball
1-0: Foul Ball, location: 2F
1-1: Fielders Choice at 2nd, 6-4 (Groundball, 6, EV 85.0 MPH)
Bottom of the 4th over - 1 run, 2 hits, 0 errors, 3 left on base; San Diego 0 - California 1
TOP OF THE 5TH
San Diego Padres batting - Pitching for California Angels : LHP Theodore Mason
Batting: RHB Trinidad Apodaca 0-0: SINGLE (Line Drive, 7S, EV 90.0 MPH)
Batting: LHB Flávio Chacon 0-0: Ball
1-0: Bunted foul
1-1: Sac Bunt to 13 - play at first, batter OUT! 1-3
Trinidad Apodaca to second
Batting: RHB Rudy Hughes 0-0: Ball
1-0: Ball
2-0: Called Strike
2-1: Foul Ball, location: 5FF
2-2: Ball
3-2: Foul Ball, location: 9LDF
3-2: Ground out 5-3 (Groundball, 56, EV 79.4 MPH)
Batting: RHB Silvio Sevilla 0-0: Ball
1-0: Ball
2-0: Called Strike
2-1: Ball
3-1: Swinging Strike
3-2: Foul Ball, location: 2F
3-2: Strikes out looking
Top of the 5th over - 0 runs, 1 hit, 0 errors, 1 left on base; San Diego 0 - California 1
BOTTOM OF THE 5TH
California Angels batting - Pitching for San Diego Padres : RHP Rudolph Ammons
Batting: RHB River Grote 0-0: Called Strike
0-1: Ball
1-1: Ball
2-1: Ground out 5-3 (Groundball, 56, EV 104.4 MPH)
Batting: LHB Skyler Angelillo 0-0: Foul Ball, location: 2F
0-1: Ball
1-1: Ball
2-1: Foul Ball, location: 3SF
2-2: Foul Ball, location: 2F
2-2: Ground out 3-1 (Groundball, 34S, EV 83.8 MPH)
Batting: LHB Adrian Phillips 0-0: Ball
1-0: Called Strike
1-1: Called Strike
1-2: Foul Ball, location: 3DF
1-2: Ball
2-2: Ball
3-2: Base on Balls
Batting: RHB Luke Storey 0-0: Ball
1-0: Ground out 4-3 (Groundball, 34, EV 103.8 MPH)
Bottom of the 5th over - 0 runs, 0 hits, 0 errors, 1 left on base; San Diego 0 - California 1
TOP OF THE 6TH
San Diego Padres batting - Pitching for California Angels : LHP Theodore Mason
Batting: RHB Des Galindo 0-0: Called Strike
0-1: Called Strike
0-2: SINGLE (Groundball, 5S, EV 64.4 MPH) (infield hit)
Batting: LHB Eric Ho 0-0: Grounds into double play, 6-4-3 (Groundball, 6MD, EV 100.0 MPH)
Batting: LHB Owen Chandler 0-0: Called Strike
0-1: Ball
1-1: DOUBLE (Line Drive, 9LS, EV 99.4 MPH)
Batting: SHB Dexter Greer 0-0: Ball
1-0: Ball
2-0: Foul Ball, location: 2F
2-1: Swinging Strike
2-2: Ball
3-2: Foul Ball, location: 3SF
3-2: Strikes out looking
Top of the 6th over - 0 runs, 2 hits, 0 errors, 1 left on base; San Diego 0 - California 1
BOTTOM OF THE 6TH
California Angels batting - Pitching for San Diego Padres : RHP Rudolph Ammons
Batting: SHB Michael Dodson 0-0: Ball
1-0: Ground out 6-3 (Groundball, 6, EV 105.0 MPH)
Batting: RHB Reed Sinclair 0-0: Swinging Strike
0-1: Swinging Strike
0-2: Ground out 5-3 (Groundball, 56, EV 87.5 MPH)
Batting: RHB Isaac Keenan 0-0: Foul Ball, location: 9LSF
0-1: Foul Ball, location: 9LDF
0-2: Ball
1-2: Ball
2-2: Ball
3-2: Fly out, F9 (Line Drive, 89D, EV 96.3 MPH)
Bottom of the 6th over - 0 runs, 0 hits, 0 errors, 0 left on base; San Diego 0 - California 1
TOP OF THE 7TH
San Diego Padres batting - Pitching for California Angels : LHP Theodore Mason
Batting: LHB Lester Flores 0-0: Swinging Strike
0-1: Swinging Strike
0-2: Ball
1-2: Ball
2-2: Ball
3-2: Foul Ball, location: 7LMF
3-2: Foul Ball, location: 2F
3-2: Strikes out swinging
Batting: RHB Trinidad Apodaca 0-0: SOLO HOME RUN (Flyball, 78XD, EV 103.8 MPH), Distance : 402 ft
Pitching: LHP Ricart Pena
Batting: LHB Flávio Chacon 0-0: SINGLE (Groundball, 34S, EV 73.8 MPH) (infield hit)
Batting: RHB Rudy Hughes 0-0: Called Strike
0-1: Foul Ball, location: 2F
0-2: Ball
1-2: Ground out 5-3 (Groundball, 56S, EV 86.3 MPH)
Flávio Chacon to second
Batting: RHB Silvio Sevilla 0-0: SINGLE (Groundball, 4M, EV 108.1 MPH) (infield hit)
Flávio Chacon to third
Batting: RHB Des Galindo 0-0: Called Strike
0-1: Called Strike
0-2: Strikes out swinging passed ball, reaches first!
Flávio Chacon scores
Silvio Sevilla to second
Batting: LHB Eric Ho 0-0: Ball
1-0: Swinging Strike
1-1: Ball
2-1: Called Strike
2-2: Strikes out swinging
Top of the 7th over - 2 runs, 3 hits, 0 errors, 2 left on base; San Diego 2 - California 1
BOTTOM OF THE 7TH
California Angels batting - Pitching for San Diego Padres : RHP Rudolph Ammons
Pitching: RHP Ivan Wolverton
Batting: LHB Drury Robinson 0-0: Ball
1-0: Ground out 4-3 (Groundball, 4, EV 80.0 MPH)
Batting: LHB Wilfredo Ocanas 0-0: Called Strike
0-1: Ball
1-1: Ball
2-1: Ball
3-1: Base on Balls
Batting: RHB River Grote 0-0: Called Strike
0-1: Ball
1-1: Swinging Strike
1-2: Ball
2-2: Ball
3-2: Base on Balls
Wilfredo Ocanas to second
Batting: LHB Skyler Angelillo 0-0: Called Strike
0-1: Ball
1-1: SINGLE (Flyball, 6D, EV 98.1 MPH)
Wilfredo Ocanas to third
River Grote to second
Batting: LHB Adrian Phillips 0-0: SINGLE (Groundball, 4MD, EV 108.1 MPH)
Wilfredo Ocanas scores
River Grote to third
Skyler Angelillo to second
Runner from 3rd tries for Home, SAFE, throw by CF to home
Pinch Runner at 2nd Kent Fura:
Batting: RHB Luke Storey 0-0: Grounds into double play, 4-6-3 (Groundball, 4, EV 104.4 MPH)
Bottom of the 7th over - 2 runs, 2 hits, 0 errors, 1 left on base; San Diego 2 - California 3
TOP OF THE 8TH
San Diego Padres batting - Pitching for California Angels : LHP Ricart Pena
Pitching: RHP Marc Bernal
Now at 3B: Pirro Moran
Batting: LHB Owen Chandler 0-0: SOLO HOME RUN (Line Drive, 89XD, EV 98.8 MPH), Distance : 400 ft
Batting: SHB Dexter Greer 0-0: Ball
1-0: Ball
2-0: Ball
3-0: Called Strike
3-1: Base on Balls
Batting: LHB Lester Flores 0-0: Swinging Strike
0-1: Ball
1-1: Swinging Strike
1-2: Ball
2-2: Foul Ball, location: 3F
2-2: Strikes out swinging
Pinch Hitting: LHB Neil Smyth 0-0: Ball
1-0: Called Strike
1-1: Foul Ball, location: 2F
1-2: Foul Ball, location: 9LMF
1-2: Fielders Choice at 2nd, 6-4 (Groundball, 6, EV 100.0 MPH)
Batting: LHB Flávio Chacon 0-0: Foul Ball, location: 5SF
0-1: Ball
1-1: Called Strike
1-2: Ball
2-2: Foul Ball, location: 7LMF
2-2: Ball
3-2: Base on Balls
Neil Smyth to second
Batting: RHB Rudy Hughes 0-0: Ball
1-0: Called Strike
1-1: Ball
2-1: Foul Ball, location: 5SF
2-2: Foul Ball, location: 5FF
2-2: Strikes out swinging
Top of the 8th over - 1 run, 1 hit, 0 errors, 2 left on base; San Diego 3 - California 3
BOTTOM OF THE 8TH
California Angels batting - Pitching for San Diego Padres : RHP Ivan Wolverton
Now at 3B: Rudy Hughes
Now at SS: Carter Harding
Batting: SHB Michael Dodson 0-0: Called Strike
0-1: Ball
1-1: Ball
2-1: Called Strike
2-2: Foul Ball, location: 3F
2-2: Ground out 4-3 (Groundball, 4MS, EV 84.4 MPH)
Batting: RHB Reed Sinclair 0-0: SINGLE (Line Drive, 9LS, EV 98.1 MPH)
Batting: RHB Isaac Keenan 0-0: Swinging Strike
0-1: Ball
1-1: Ball
2-1: Foul Ball, location: 9LSF
2-2: Foul Ball, location: 5SF
2-2: Foul Ball, location: 2LF
2-2: Foul Ball, location: 9LSF
2-2: Ball
Wild Pitch!
Reed Sinclair to second
3-2: Foul Ball, location: 2RF
3-2: Base on Balls
Pinch Runner at 2nd Jess Granberg:
Batting: LHB Drury Robinson 0-0: Ball
1-0: Ball
2-0: Foul Ball, location: 7LDF
2-1: Fly out, F7 (Flyball, 78M, EV 86.3 MPH)
Batting: LHB Wilfredo Ocanas 0-0: Ball
1-0: Ball
2-0: Foul Ball, location: 2F
2-1: Ball
3-1: Fly out, F4 (Popup, 23, EV 92.5 MPH)
Bottom of the 8th over - 0 runs, 1 hit, 0 errors, 2 left on base; San Diego 3 - California 3
TOP OF THE 9TH
San Diego Padres batting - Pitching for California Angels : RHP Marc Bernal
Pitching: RHP Quentin Arndt
Batting: RHB Silvio Sevilla 0-0: Called Strike
0-1: DOUBLE (Line Drive, 9LS, EV 96.9 MPH)
Batting: RHB Des Galindo 0-0: Bunted foul
0-1: Sac Bunt to 15 - play at first, batter OUT! 1-4
Silvio Sevilla to third
Pitching: LHP Brent Sanders
Batting: LHB Eric Ho 0-0: Ball
1-0: Foul Ball, location: 2F
1-1: Swinging Strike
1-2: Ball
2-2: Ball
3-2: Strikes out swinging
Batting: LHB Owen Chandler 0-0: Swinging Strike
0-1: Foul Ball, location: 2F
0-2: Strikes out looking
Top of the 9th over - 0 runs, 1 hit, 0 errors, 1 left on base; San Diego 3 - California 3
BOTTOM OF THE 9TH
California Angels batting - Pitching for San Diego Padres : RHP Ivan Wolverton
Batting: RHB River Grote 0-0: Swinging Strike
0-1: Ball
1-1: Ball
2-1: SINGLE (Groundball, 6D, EV 109.4 MPH)
Batting: LHB Pirro Moran 0-0: Called Strike
0-1: Ball
1-1: Called Strike
1-2: Foul Ball, location: 9LDF
1-2: Ball
2-2: Strikes out looking
Pitching: RHP Diego Morales
Batting: LHB Adrian Phillips 0-0: Called Strike
0-1: Ball
1-1: Foul Ball, location: 3FF
1-2: SINGLE (Groundball, 6M, EV 86.9 MPH) (infield hit)
River Grote to second
Pinch Runner at 1st Sebastian Hines:
Batting: RHB Luke Storey 0-0: Ball
1-0: Called Strike
1-1: Foul Ball, location: 3F
1-2: Foul Ball, location: 2F
1-2: Reached on error, E4 (Groundball, 4S, EV 65.6 MPH)
River Grote to third
Sebastian Hines to second
Batting: SHB Michael Dodson 0-0: Ball
1-0: Hit by Pitch
River Grote scores
Sebastian Hines to third
Luke Storey to second
Bottom of the 9th over - 1 run, 2 hits, 1 error, 3 left on base; San Diego 3 - California 4
Friday, April 19th , 2024 - OOTP Baseball 24.11 Build 85